 Dungeon Crawl Stone Soup version 0.20.0-8-g6b59dc7 (webtiles) character file.

175 vatarom the Grave Robber (level 5, -7/38 HPs)
             Began as a Demonspawn Necromancer on May 31, 2017.
             Engulfed by a cloud of flame (18 damage)
             ... on level 2 of the Dungeon.
             The game lasted 00:13:14 (2143 turns).

vatarom the Grave Robber (Demonspawn Necromancer)   Turns: 2143, Time: 00:13:14

Health: -7/38      AC:  3    Str:  8    XL:     5   Next: 29%
Magic:  10/10      EV: 14    Int: 18    God:
Gold:   113        SH:  0    Dex: 13    Spells: 3/11 levels left

rFire    . . .     SeeInvis .   e - +1 whip
rCold    . . .     Gourm    .   (no shield)
rNeg     . . .     Faith    .   a - +0 robe
rPois    .         Spirit   .   (no helmet)
rElec    .         Reflect  .   (no cloak)
rCorr    .         Harm     .   (no gloves)
MR       .....                  h - +0 pair of boots
Stlth    ++........             (no amulet)
Regen    0.2/turn               (no ring)
MPRegen  0.2/turn               (no ring)

@: no status effects
A: talons 1, repulsion field 1, powered by pain 1
a: no special abilities


You were on level 2 of the Dungeon.
You were hungry.

You visited 1 branch of the dungeon, and saw 2 of its levels.

You collected 113 gold pieces.

Inventory:

Hand Weapons
 e - a +1 whip (weapon)
Armour
 a - a +0 robe (worn)
 h - a +0 pair of boots (worn)
Scrolls
 d - 3 scrolls of fear
 g - 3 scrolls of identify
 i - a scroll of enchant armour
Potions
 f - a potion of brilliance
 j - a potion of agility {unknown}
 k - a potion of curing
Books
 b - a book of Necromancy

   Spells                             Type                      Level
   a - Pain                           Necromancy                   1
   b - Animate Skeleton               Necromancy                   1
   c - Vampiric Draining              Necromancy                   3
   d - Regeneration                   Charms/Necromancy            3
   e - Animate Dead                   Necromancy                   4
   f - Control Undead                 Necromancy                   4
Comestibles
 c - 2 bread rations


   Skills:
 - Level 2.1 Fighting
 - Level 1.7 Dodging
 - Level 1.7 Stealth
 * Level 3.6 Spellcasting
 + Level 5.6 Necromancy


You had 3 spell levels left.
You knew the following spells:

 Your Spells              Type           Power        Failure   Level  Hunger
a - Pain                  Necr           ###.         1%          1    None
b - Animate Skeleton      Necr           N/A          1%          1    None
c - Vampiric Draining     Necr           ###.......   4%          3    ###....
d - Regeneration          Chrm/Necr      ##........   14%         3    ###....


Dungeon Overview and Level Annotations

Branches:
Dungeon (2/15)

Altars:
Zin


Innate Abilities, Weirdness & Mutations

You have sharp toenails.
You are surrounded by a mild repulsion field. (EV +2)
You sometimes gain a little power by taking damage.


Message History

Aim: an ooze (severely wounded, inner flame, chance to defeat MR: 83%)
The ooze barely resists.
The ooze barely misses you.
Casting: Pain
Confirm with . or Enter, or press ? or * to list all spells.
Aiming: Pain
Press: ? - help, Shift-Dir - straight line, f/p - ooze
Aim: an ooze (severely wounded, inner flame, chance to defeat MR: 83%)
The ooze writhes in agony!
The ooze closely misses you.
Casting: Pain
Confirm with . or Enter, or press ? or * to list all spells.
Aiming: Pain
Press: ? - help, Shift-Dir - straight line, f/p - ooze
Aim: an ooze (almost dead, inner flame, chance to defeat MR: 83%)
The ooze writhes in agony!
The ooze explodes!
The fiery explosion engulfs you!
Ouch! That really hurt!
You focus on the pain.
You feel your power returning.
You are engulfed in blazing flames.
You die...

#......###......#
#.......##(.#####**********
#........).(#..,,,,,,,,,,,*
#........'..#.#######*,****
#'#....).'..#.#(....#*,*
#.#...(.##..#.#.#...#*,*
#.#....####....§§.####.#**
J#######*##.>.§§........,*
##******#...J.§.@.#####.,*
***,,,..........###8**,,,*
,,,,,....<.....##⌠_,+,,,,*
,**,,...#.#..###*⌠_,+,,,,*
,,,,,.........,,***8**,,,*
,,,,,.....#...,,,,*****,**
,,,,,,.##.#..,,,,,*,* *,*
*,****,**,*,,,,,,,*,***,*
*,****,**,*,*,***,*,,,,,*


You could see an ooze.

Vanquished Creatures
  2 jellies (D:2)
  6 adders
  4 oozes (D:2)
  A worm (D:2)
  A dart slug (D:1)
  2 leopard geckos
  2 giant cockroaches (D:1)
  3 goblins
  3 hobgoblins
  A jackal (D:1)
  A ball python (D:1)
  6 bats
  6 frilled lizards
  10 kobolds
  A rat (D:1)
49 creatures vanquished.

Vanquished Creatures (collateral kills)
  A bat (D:1)
  A rat (D:1)
2 creatures vanquished.

Vanquished Creatures (others)
  6 toadstools (D:2)
6 creatures vanquished.

Grand Total: 57 creatures vanquished

Notes
Turn   | Place    | Note
-------+----------+-------------------------------------------
     0 | D:1      | vatarom the Demonspawn Necromancer began the quest for the Orb.
     0 | D:1      | Reached XP level 1. HP: 13/13 MP: 3/3
   232 | D:1      | Learned a level 1 spell: Animate Skeleton
   323 | D:1      | Reached skill level 1 in Fighting
   427 | D:1      | Gained mutation: You sometimes gain a little power by taking damage. [demonic ancestry]
   427 | D:1      | Reached XP level 2. HP: 21/21 MP: 5/5
  1054 | D:1      | Gained mutation: You are surrounded by a mild repulsion field. (EV +2) [demonic ancestry]
  1054 | D:1      | Reached XP level 3. HP: 24/27 MP: 0/6
  1059 | D:1      | Learned a level 3 spell: Vampiric Draining
  1199 | D:2      | Reached skill level 5 in Necromancy
  1389 | D:2      | Gained mutation: You have sharp toenails. [demonic ancestry]
  1389 | D:2      | Reached XP level 4. HP: 32/33 MP: 4/7
  1641 | D:2      | Learned a level 3 spell: Regeneration
  1728 | D:2      | Found a glowing silver altar of Zin.
  1953 | D:2      | Reached XP level 5. HP: 26/38 MP: 1/9
  2143 | D:2      | Engulfed by a cloud of flame

Skill      XL: |  1  2  3  4 |
---------------+-------------+-----
Fighting       | 1 2 |  2.1
Necromancy     | 5 |  5.6
Spellcasting   | 3 |  3.6
Dodging        | |  1.7
Stealth        | |  1.7

Action                   |  1- 3 |  4- 6 || total
-------------------------+-------+-------++-------
Melee: Whip              |    46 |    14 ||    60
 Cast: Pain              |    35 |    44 ||    79
       Animate Skeleton  |    12 |     6 ||    18
       Vampiric Draining |     1 |       ||     1
  Use: Scroll            |     4 |     3 ||     7
       Potion            |     4 |     1 ||     5
 Stab: Sleeping          |     1 |       ||     1
  Eat: Chunk             |     2 |     2 ||     4
Armor: Robe              |    22 |     3 ||    25
Dodge: Dodged            |    52 |    18 ||    70
